 Dungeon Crawl Stone Soup version 0.20.0-4-g10b340a (webtiles) character file.

774 ChaseSP the Cleaver (level 7, -13/57 HPs)
             Began as a Hill Orc Fighter on May 27, 2017.
             Mangled by an orc warrior
             ... wielding a +0 battleaxe
              (15 damage)
             ... on level 4 of the Dungeon.
             The game lasted 00:05:54 (3676 turns).

ChaseSP the Cleaver (Hill Orc Fighter)              Turns: 3676, Time: 00:05:55

Health: -13/57     AC: 10    Str: 19    XL:     7   Next: 84%
Magic:  7/7        EV: 12    Int: 12    God:
Gold:   190        SH:  0    Dex: 12    Spells: 6/6 levels left

rFire    . . .     SeeInvis .   a - +0 war axe
rCold    . . .     Gourm    .   (no shield)
rNeg     . . .     Faith    .   g - +0 chain mail
rPois    .         Spirit   .   (no helmet)
rElec    .         Reflect  .   s - +0 cloak
rCorr    .         Harm     .   (no gloves)
MR       .....                  (no boots)
Stlth    ..........             (no amulet)
Regen    0.2/turn               k - +4 ring of intelligence (curse)
MPRegen  0.1/turn               p - +5 ring of evasion

@: no status effects
A: no striking features
a: no special abilities


You were on level 4 of the Dungeon.
You were not hungry.

You visited 1 branch of the dungeon, and saw 4 of its levels.

You collected 190 gold pieces.

Inventory:

Hand Weapons
 a - a +0 war axe (weapon)
 D - a +0 dire flail
Armour
 b - a +0 scale mail
 c - a +0 shield
 g - a +0 chain mail (worn)
 s - a +0 cloak (worn)
Jewellery
 k - a cursed +4 ring of intelligence (left hand)
 p - a +5 ring of evasion (right hand)
 r - an uncursed ring of wizardry {unknown}
 t - an uncursed ring of protection from cold {unknown}
 B - a cursed +3 ring of protection {unknown}
Wands
 v - a wand of iceblast (7/15)
 w - a wand of clouds (5/9)
Scrolls
 e - a scroll of identify
 n - a scroll of recharging {unknown}
 x - a scroll of enchant armour {unknown}
 y - 2 scrolls of remove curse {unknown}
 z - a scroll of enchant weapon {unknown}
 C - a scroll of magic mapping
Potions
 d - a potion of might
 h - a potion of lignification
 i - a potion of magic {unknown}
 j - 2 potions of mutation {unknown}
 m - a potion of berserk rage {unknown}
 o - a potion of ambrosia {unknown}
 u - a potion of heal wounds {unknown}
Comestibles
 f - 3 bread rations
 l - 3 meat rations
 q - 2 royal jellies
 A - a chunk of flesh


   Skills:
 - Level 3.6 Fighting
 * Level 10.5 Axes
 + Level 4.6 Armour
 - Level 3.2 Shields


You had 6 spell levels left.
You didn't know any spells.

Dungeon Overview and Level Annotations

Branches:
Dungeon (4/15)
 Temple: D:4-7

Altars:
Qazlal
Yredelemnul


Message History

The orc warrior hits you with a battleaxe!!
You are too injured to fight recklessly!
You are too injured to fight recklessly!
You are too injured to fight recklessly!
You hit the orc warrior.
The orc warrior is severely wounded.
You closely miss the orc warrior.
The orc warrior is severely wounded.
The orc warrior closely misses you.
You slash the orc warrior!
The orc warrior is almost dead.
The orc warrior hits you with a battleaxe.
You closely miss the orc warrior.
The orc warrior is almost dead.
The orc warrior hits you with a battleaxe!!
* * * LOW HITPOINT WARNING * * *
You closely miss the orc warrior.
The orc warrior is almost dead.
The orc warrior hits you with a battleaxe!
You die...

........+...#.....#.....'........
........#...#.....##########'####
#########...##.......))..........
.......#.....#........)..........
.......#.....#...................
.......#.....#...................
####..###..###.oo................
.###..###..#####o###########.....
.+..............@....#.....#.....
.#...................#.....'.....
.#...................#.....#.....
.#'######.+...########.....#))...
.....................#######.....
..........###........# #.....
..........#_#........# #.....
..........#'#........# #.....
.....................#######.....


You could see an orc warrior and 2 orcs.

Vanquished Creatures
  Grinder (D:3)
  3 wights (D:4)
  A centaur skeleton (D:3)
  2 orc priests (D:4)
  2 hounds (D:4)
  2 worker ants (D:4)
  4 orc wizards (D:4)
  3 adders
  A gnoll (D:4)
  An ooze (D:2)
  A worm (D:2)
  2 dart slugs
  2 leopard geckos
  15 orcs
  3 giant cockroaches
  2 goblins (D:1)
  4 hobgoblins
  4 jackals (D:1)
  A quokka (D:3)
  2 ball pythons
  6 bats
  5 frilled lizards
  10 kobolds
  10 rats
  A spectral orc (D:3)
88 creatures vanquished.

Notes
Turn   | Place    | Note
-------+----------+-------------------------------------------
     0 | D:1      | ChaseSP the Hill Orc Fighter began the quest for the Orb.
     0 | D:1      | Reached XP level 1. HP: 19/19 MP: 1/1
    63 | D:1      | Reached skill level 3 in Axes
    94 | D:1      | Reached XP level 2. HP: 25/26 MP: 2/2
   231 | D:1      | Reached skill level 4 in Axes
   429 | D:1      | Reached XP level 3. HP: 30/31 MP: 3/3
   802 | D:2      | Reached skill level 5 in Axes
  1338 | D:2      | Reached XP level 4. HP: 34/39 MP: 4/4
  2205 | D:3      | Reached skill level 6 in Axes
  2273 | D:3      | Found a basalt altar of Yredelemnul.
  2474 | D:3      | Reached XP level 5. HP: 45/45 MP: 5/5
  2556 | D:3      | Noticed Grinder
  2569 | D:3      | Killed Grinder
  2569 | D:3      | Reached skill level 8 in Axes
  2569 | D:3      | Reached XP level 6. HP: 37/51 MP: 6/6
  2866 | D:4      | Reached skill level 9 in Axes
  2937 | D:4      | Reached XP level 7. HP: 34/57 MP: 7/7
  3139 | D:4      | Reached skill level 10 in Axes
  3412 | D:4      | Found a stormy altar of Qazlal.
  3675 | D:4      | HP: 2/57 [orc warrior/battleaxe (22)]
  3676 | D:4      | Mangled by an orc warrior

Skill      XL: |  1  2  3  4  5  6  7 |
---------------+----------------------+-----
Axes           | 3 4 5 6 8 9 10 | 10.5
Armour         | 4 |  4.6
Fighting       | |  3.6
Shields        | |  3.2

Action                   |  1- 3 |  4- 6 |  7- 9 || total
-------------------------+-------+-------+-------++-------
Melee: War axe           |   104 |   134 |    66 ||   304
  Use: Scroll            |       |     2 |       ||     2
       Potion            |       |     1 |       ||     1
  Eat: Chunk             |     1 |     5 |     2 ||     8
       Fruit             |       |     1 |       ||     1
Armor: Chain mail        |    95 |    56 |    26 ||   177
Dodge: Dodged            |    42 |    75 |    34 ||   151
